 Dungeon Crawl Stone Soup version 0.21-a0-84-g85d6d27 (webtiles) character file.

738075 kuniqs the Rapturous (level 27, -1/154 HPs)
             Began as a Vine Stalker Fighter on June 24, 2017.
             Was an Elder of Uskayaw.
             Killed by divine providence
             ... invoked by a smoke demon
              (10 damage)
             ... in Pandemonium.
             The game lasted 02:31:27 (54676 turns).

kuniqs the Rapturous (Vine Stalker Fighter)        Turns: 54676, Time: 02:31:28

Health: -1/154     AC: 42    Str: 37    XL:     27
Magic:  0/38       EV: 21    Int: 12    God:    Uskayaw [****..]
Gold:   1415       SH: 33    Dex: 18    Spells: 26/26 levels left

rFire    + + .     SeeInvis +   R - +4 eudemon blade (holy)
rCold    + + +     Gourm    .   F - +1 large shield "Tidoucu" {rPois rF+ rC+}
rNeg     . . .     Faith    .   P - +9 scales of the Dragon King {rPois rF+ rC+ MR+}
rPois    +         Spirit   +   U - +2 helmet
rElec    +         Reflect  +   a - scarf {repulsion}
rCorr    .         Harm     .   I - +2 pair of gloves "Pupuv" {Str+7}
MR       +++..                  S - +2 pair of boots {run}
Stlth    ..........             V - +6 amulet of reflection
HPRegen  1.15/turn              t - ring of Uptiluko {EV+3 Int+4 SInv}
MPRegen  0.26/turn              n - ring "Tuly" {rElec rC+ MR- Slay+4 Stlth-}

@: very slightly contaminated, repel missiles, quick
A: fangs 3, poison resistance, regeneration 2, strong 1, magic shield, antimagic
bite, no potion heal 3, rot immunity
}: 6/15 runes: barnacled, slimy, silver, golden, demonic, gossamer
a: Stomp, Line Pass, Renounce Religion


You were in Pandemonium.
You worshipped Uskayaw.
Uskayaw was greatly pleased with you.
You were full.

You visited 12 branches of the dungeon, and saw 56 of its levels.
You visited Pandemonium 1 time, and saw 9 of its levels.
You visited 1 ziggurat, and saw 7 of its levels.
You also visited: Labyrinth, Trove and Bailey.

You collected 12058 gold pieces.
You spent 10643 gold pieces at shops.

Inventory:

Hand Weapons
 L - the +18 lance "Wyrmbane" {slay drac, rPois rF+ rC+ AC+3}
   (You found it on level 3 of the Spider Nest)

   It affects your AC (+3).
   It protects you from fire.
   It protects you from cold.
   It protects you from poison.
 R - a +4 eudemon blade of holy wrath (weapon)
Missiles
 b - 7 throwing nets (quivered)
Armour
 a - a scarf of repulsion (worn)
 q - a +0 large shield of protection
 F - the +1 large shield "Tidoucu" (worn) {rPois rF+ rC+}
   (You took it off a daeva in Pandemonium)

   It protects you from fire.
   It protects you from cold.
   It protects you from poison.
 I - the +2 pair of gloves "Pupuv" (worn) {Str+7}
   (You found it on level 3 of the Elven Halls)

   It affects your strength (+7).
 J - the +0 cloak of Voinline {rN+ Int-2 Dex+3}
   (You bought it in a shop on level 5 of the Dungeon)

   It affects your intelligence (-2).
   It affects your dexterity (+3).
   It protects you from negative energy.
 P - the +9 scales of the Dragon King (worn) {rPois rF+ rC+ MR+}
   (You bought it in a shop on level 4 of the Depths)

   It protects you from fire.
   It protects you from cold.
   It protects you from poison.
   It affects your resistance to hostile enchantments.
 S - a +2 pair of boots of running (worn)
 U - a +2 helmet (worn)
Jewellery
 n - the ring "Tuly" (right hand) {rElec rC+ MR- Slay+4 Stlth-}
   (You found it on level 1 of the Shoals)

   [ring of loudness]

   It affects your accuracy and damage with ranged weapons and melee attacks
   (+4).
   It protects you from cold.
   It insulates you from electricity.
   It affects your resistance to hostile enchantments.
   It makes you less stealthy.
 t - the ring of Uptiluko (left hand) {EV+3 Int+4 SInv}
   (You found it in a treasure trove)

   [ring of evasion]

   It affects your evasion (+3).
   It affects your intelligence (+4).
   It lets you see invisible.
 V - a +6 amulet of reflection (around neck)
Wands
 C - a wand of paralysis (19/24)
 E - a wand of digging (22/24)
 K - a wand of iceblast (7/15)
 M - a wand of disintegration (9/24)
 T - a wand of acid (2/15)
Scrolls
 c - 13 scrolls of identify {@r1}
 h - 8 scrolls of immolation
 i - 10 scrolls of recharging
 o - 6 scrolls of fog
 p - 29 scrolls of remove curse {@r2}
 y - a scroll of silence
 A - 6 scrolls of blinking
 D - 15 scrolls of teleportation
 G - 6 scrolls of magic mapping
 N - 4 scrolls of fear
 X - 4 scrolls of enchant armour
 Z - 6 scrolls of summoning
Potions
 g - 7 potions of might
 j - 10 potions of mutation
 k - 3 potions of resistance
 l - 21 potions of curing {@q1}
 m - 3 potions of cancellation
 r - 5 potions of flight
 s - 4 potions of invisibility
 v - 2 potions of brilliance
 w - 11 potions of haste
 z - 7 potions of agility
 B - 3 potions of berserk rage
Miscellaneous
 u - a figurine of a ziggurat
 x - a lightning rod (4/4)
 O - 3 sacks of spiders
 W - 3 boxes of beasts
 Y - a fan of gales
Comestibles
 d - 21 bread rations
 e - 30 meat rations
 f - 9 fruits
 Q - 25 royal jellies


   Skills:
 + Level 18.8 Fighting
   Level 11.4(11.9) Short Blades
 * Level 5.7(9.4) Long Blades
 - Level 13.0 Polearms
 + Level 17.6 Armour
 + Level 17.5 Dodging
 - Level 13.3 Stealth
 + Level 19.2 Shields
 + Level 20.2 Invocations
 - Level 15.2 Evocations


You had 26 spell levels left.
You didn't know any spells.

Dungeon Overview and Level Annotations

Branches:
Dungeon (15/15)            Temple (1/1) D:6            Lair (6/6) D:8
 Shoals (4/4) Lair:2       Spider (4/4) Lair:3        Slime (5/5) Lair:6
    Orc (2/2) D:9             Elf (3/3) Orc:2        Vaults (5/5) D:13
  Crypt (3/3) Vaults:3       Tomb (3/3) Crypt:3      Depths (5/5) D:15
    Zot (0/5) Depths:5

Altars:
Ashenzari
Cheibriados
Dithmenos
Elyvilon
Fedhas
Gozag
Hepliaklqana
Kikubaaqudgha
Makhleb
Nemelex Xobeh
Okawaru
Qazlal
Ru
Sif Muna
Trog
Uskayaw
Vehumet
Xom
Yredelemnul
Zin
The Shining One
Beogh
Jiyva
Lugonu

Shops:
D:4 *   D:5 [   D:7 (   D:14 }   Orc:2 }[?((   Shoals:2 =   Vaults:3 %[[[
Vaults:5 ?[!(}%?!   Depths:1 *   Depths:4 **:}

Portals:
Hell: Depths:1 Depths:2 Depths:3 Depths:4 Depths:5
Abyss: Depths:1 Depths:4
Pandemonium: Depths:3 Depths:5

Annotations:
Lair:3 exclusion: 2 doors
Depths:4 exclusion: reaper


Innate Abilities, Weirdness & Mutations

You have razor-sharp teeth.
You heal very quickly.
When hurt, damage is shared between your health and your magic reserves.
Your bite disrupts and absorbs the magic of your enemies.
Potions cannot restore your health.
You are immune to rotting.
Your system is resistant to poisons. (rPois)
Your muscles are strong. (Str +2)


Message History

You block the monstrous demonspawn's attack. x2
The Tzitzimitl calls on the powers of darkness!
Your body is wracked with pain!
* * * LOW HITPOINT WARNING * * *
You block Tugaarann's attack.
Your scales of the Dragon King prevents you from hitting Tugaarann.
You bite Tugaarann, but do no damage.
You block the monstrous demonspawn's attack. x2
The monstrous demonspawn closely misses you.
You block Tugaarann's attack. The smoke demon gestures at you.
Something smites you!
* * * LOW HITPOINT WARNING * * *
The ynoxinul gestures.
Blink to where?
You are very lightly contaminated with residual magic.
As you read the scroll of blinking, it crumbles to dust.
The smoke demon gestures at you. Something smites you!
You die...

..........#..
..........#.
..........'
..........#
..........#
..........#
.........#
)......@#
.##..55...##
...5..5...#
.....3....+
.#.#.#.#..#
#6#.#3#6..##
3#...#.#...##
#....ยง#&....##
..3131.#.....##


You could see Tugaarann, a monstrous demonspawn, a smoke demon, a ynoxinul and 4
ufetubi.

Vanquished Creatures
  the Royal Jelly (Slime:5)
  A seraph (Pan)
  7 ancient liches
  10 greater mummies
  Bai Suzhen (Vaults:4)
  Frederick (Depths:4)
  Xtahua (Depths:4)
  5 caustic shrikes
  4 golden dragons
  Jory (Crypt:1)
  A pearl dragon (Pan)
  A bone dragon (Crypt:3)
  2 pandemonium lords
  A Tzitzimitl (Pan)
  A shard shrike zombie (Crypt:2)
  Jorgrun (Vaults:5)
  3 tentacled monstrosities
  A Hell Sentinel (Pan)
  6 liches
  3 quicksilver dragons (Vaults:5)
  2 titans (Vaults:5)
  3 deep elf master archers (Elf:3)
  2 Executioners (Pan)
  Polyphemus (Shoals:3)
  5 ancient champions
  Gastronok (D:8)
  9 acid blobs
  14 sphinxes
  4 storm dragons
  7 tengu reavers
  12 daevas (Pan)
  4 draconian monks (Depths:5)
  An azure jelly (shapeshifter) (Vaults:5)
  A draconian scorcher (Depths:5)
  8 revenants
  2 shadow dragons
  7 ghost moths
  Ilsuiw (Shoals:4)
  10 fire giants
  7 azure jellies
  2 warmongers (Pan)
  15 frost giants
  Aizul (Depths:1)
  2 black suns (Pan)
  A curse skull (Crypt:3)
  15 ironheart preservers
  18 vault wardens
  9 deep elf sorcerers
  Louise (Spider:1)
  3 iron dragons
  3 cacodemons (Pan)
  6 emperor scorpions
  A juggernaut zombie (Crypt:2)
  6 deep elf elementalists
  10 ophanim (Pan)
  2 balrugs (Pan)
  2 reapers (Pan)
  17 very ugly things
  19 stone giants
  2 draconian annihilators (Depths:5)
  6 war gargoyles
  10 angels (Pan)
  10 apis (Pan)
  11 entropy weavers
  4 bennus
  7 vampire knights
  A corrupter (Pan)
  A green draconian (Depths:5)
  2 black draconians (Depths:5)
  7 deep elf demonologists
  4 red draconians (Depths:5)
  2 lorocyprocas (Pan)
  15 spark wasps
  3 purple draconians (Depths:5)
  3 deep elf annihilators
  5 white draconians (Depths:5)
  Snorg (Lair:5)
  4 merfolk javelineers (Shoals:4)
  9 ettins
  3 death oozes
  5 deep elf death magi
  5 blizzard demons
  4 merfolk impalers
  An eidolon (Crypt:1)
  17 mummy priests
  7 jiangshi
  5 fire dragons
  10 great orbs of eyes
  A minotaur (Lab)
  2 green deaths (Pan)
  15 yaktaur captains
  The ghost of Gorglomux the Ripper, a journeyman FeEn of Dithmenos (Shoals:4)
  8 deep elf high priests
  6 hydras
  6 rakshasas
  15 ice dragons
  33 vault guards
  Erica (D:10)
  2 monstrous demonspawn (Pan)
  4 spriggan air magi
  2 death knights
  The ghost of nikopol the Cleaver, a novice MiBe of Trog (Lair:1)
  32 dancing weapons
  2 catoblepae
  A two-headed ogre (shapeshifter) (Depths:5)
  A merfolk avatar (Shoals:4)
  2 alligator snapping turtles (Shoals:4)
  An alligator (Zig:6)
  A queen ant (Elf:3)
  52 two-headed ogres
  20 ogre magi
  A satyr (Shoals:4)
  5 merfolk aquamancers
  13 centaur warriors
  19 death scarabs
  6 deep troll shamans
  10 deep troll earth magi
  8 death yaks
  6 tengu warriors
  3 vampire magi
  A titan zombie (Crypt:2)
  2 spriggan berserkers
  13 soul eaters
  An orc high priest (Bailey)
  4 sun demons (Pan)
  48 slime creatures
  4 iron trolls
  A titan skeleton (Crypt:3)
  17 deep elf knights
  2 shadow wraiths
  3 sixfirhies
  A wretched star (Zig:5)
  A storm dragon skeleton (Vaults:4)
  5 flayed ghosts
  7 hell knights
  2 small abominations
  A fire crab (Lair:5)
  27 skeletal warriors
  11 wizards
  10 cherubim (Pan)
  33 deep trolls
  2 glowing orange brains
  2 torturous demonspawn (Pan)
  2 spriggan druids (Zig:6)
  2 infernal demonspawn (Pan)
  2 unseen horrors
  2 ghost moth zombies
  6 sea snakes (Shoals:4)
  A glowing orange brain (shapeshifter) (Vaults:1)
  3 shadow demons
  A tengu zombie (Vaults:4)
  3 swamp dragons (Zig:6)
  20 ironbrand convokers
  24 harpies
  A gelid demonspawn (Pan)
  A lindwurm (Depths:5)
  An orb spider (shapeshifter) (D:13)
  An orange crystal statue (Zig:6)
  A golden dragon skeleton (Crypt:1)
  10 phantasmal warriors
  An iron giant skeleton (Crypt:2)
  Pikel (D:6)
  16 deep elf archers
  An iron dragon zombie (Crypt:3)
  4 necromancers
  A harpy (shapeshifter) (Vaults:5)
  50 ugly things
  16 orc knights
  21 orb spiders
  A fire giant zombie (Crypt:3)
  A shadow dragon skeleton (Crypt:3)
  4 shining eyes
  A stone giant zombie (Crypt:3)
  A wolf spider zombie (D:14)
  3 orc sorcerers
  38 wolf spiders
  2 salamanders (Depths:4)
  6 oklob plants (Zig:7)
  67 deep elf magi
  13 manticores
  3 fauns
  2 moths of wrath
  2 centaur zombies
  10 fire giant skeletons
  5 large abominations
  8 cyclopes
  3 frost giant zombies (Crypt:3)
  A salamander (shapeshifter) (Depths:1)
  19 vault sentinels
  6 water nymphs
  7 merfolk sirens
  A stone giant skeleton (Crypt:3)
  A shock serpent zombie (Crypt:2)
  Joseph (D:10)
  6 elephants (Lair:4)
  3 eyes of devastation
  A dire elephant zombie (Crypt:3)
  2 ice statues (Depths:2)
  7 black mambas
  11 spiny frogs
  Psyche (D:9)
  A torpor snail (Lair:4)
  9 orange demons (Pan)
  25 demonic crawlers
  10 smoke demons
  17 hellions
  6 gargoyles
  6 kobold demonologists
  4 rime drakes
  2 tormentors
  A rime drake (shapeshifter) (D:15)
  8 hellwings
  6 komodo dragons
  46 guardian mummies
  An ancient zyme (Zig:5)
  6 red devils
  2 tengu conjurers
  11 freezing wraiths
  3 ice devils (Depths:2)
  A red draconian skeleton (Crypt:1)
  A queen bee (D:11)
  4 trolls
  36 yaktaurs
  21 jumping spiders
  4 polar bears (Lair:6)
  A wolf spider simulacrum (D:15)
  33 merfolk
  8 wind drakes
  18 hornets
  34 blink frogs
  A bog body (Zig:6)
  A hydra skeleton (Crypt:2)
  A meliai zombie (D:14)
  A fire dragon zombie (Crypt:3)
  11 dream sheep
  2 stone giant simulacra
  21 hippogriffs
  A shock serpent simulacrum (Crypt:3)
  12 snapping turtles
  14 flying skulls
  A spriggan (shapeshifter) (Vaults:1)
  2 shadows
  5 wyverns
  15 spriggans
  6 ynoxinuls
  79 redbacks
  21 ushabtiu
  10 air elementals
  A centaur simulacrum (D:14)
  35 tarantellas
  8 vampires
  43 yaks
  17 water elementals
  15 wraiths
  2 fire elementals (Elf:1)
  7 fire dragon skeletons (Crypt:3)
  2 neqoxecs (Depths:3)
  7 basilisks (Lair:6)
  Eustachio (D:4)
  Grum (D:9)
  2 human simulacra
  4 hungry ghosts
  6 chaos spawn
  2 vampire mosquitoes (D:15)
  5 wargs
  A soldier ant (D:10)
  2 acid dragons
  Menkaure (D:4)
  A glowing shapeshifter zombie (Crypt:1)
  16 water moccasins
  2 floating eyes
  4 hell hounds
  41 orc warriors
  7 porcupines
  A slave (D:6)
  2 swamp dragon zombies (Crypt:2)
  8 swamp drakes (Depths:5)
  An ice beast (D:8)
  4 eyes of draining
  5 black bears
  7 sky beasts
  A snapping turtle zombie (Crypt:2)
  A necrophage (D:9)
  67 ogres
  2 phantoms
  18 boggarts
  An ogre (shapeshifter) (Vaults:2)
  63 wolves
  20 centaurs
  5 big kobolds
  12 crocodiles
  A draconian zombie (Crypt:1)
  A gnoll sergeant (D:9)
  13 bullfrogs
  A wyvern zombie (D:13)
  8 earth elementals
  3 scorpions
  A spriggan zombie (Crypt:1)
  The ghost of Wanze the Chucker, a weakling DrHu (D:3)
  32 killer bees
  5 wights (D:15)
  An electric eel (Bailey)
  8 crimson imps
  5 quasits
  6 hounds
  4 bullfrog zombies
  25 orc priests
  A bullfrog skeleton (D:4)
  6 centaur skeletons
  A jelly (D:14)
  A demonspawn zombie (Crypt:1)
  23 orc wizards
  3 iguanas
  13 worker ants
  4 hell rats (Lair:2)
  A felid zombie (Crypt:1)
  A tengu skeleton (Crypt:2)
  A naga skeleton (Crypt:3)
  2 hound skeletons
  35 mummies
  A worker ant zombie (D:6)
  19 gnolls
  13 adders
  A steam dragon skeleton (Crypt:2)
  3 shadow imps
  3 oozes
  An adder skeleton (D:4)
  A worm (D:4)
  A dart slug (D:1)
  7 leopard geckos
  161 orcs
  6 bats
  5 giant cockroaches
  17 goblins
  20 hobgoblins
  11 jackals
  4 quokkas
  2 ball pythons
  A dart slug zombie (Crypt:1)
  4 frilled lizards
  A jackal zombie (Crypt:2)
  17 kobolds
  5 rats
  A rat skeleton (Crypt:2)
  2 crawling corpses (Elf:3)
2851 creatures vanquished.

Vanquished Creatures (collateral kills)
  Mara (Spider:4)
1 creature vanquished.

Vanquished Creatures (others)
  An eldritch tentacle (Spider:4)
  A vault warden (Vaults:4)
  2 stone giants
  A blood saint (Pan)
  A deep elf demonologist (Elf:3)
  A merfolk javelineer (Shoals:4)
  10 yaktaur captains
  3 centaur warriors
  A deep elf knight (Vaults:4)
  2 skeletal warriors (Tomb:2)
  A cherub (Pan)
  4 deep elf archers
  A wizard (D:11)
  A cyclops (Vaults:1)
  A faun (D:12)
  A merfolk siren (Shoals:4)
  19 yaktaurs
  A blink frog (shapeshifter) (Vaults:4)
  A flying skull (Tomb:2)
  A ynoxinul (Pan)
  2 fire bats (Pan)
  A tarantella (Spider:1)
  A neqoxec (Pan)
  An orc warrior (Orc:1)
  An ogre (Vaults:5)
  10 centaurs
  2 mummies (Tomb:2)
  An orc (Vaults:2)
  3 fungi
  10 plants
  16 withered plants (Crypt:3)
102 creatures vanquished.

Grand Total: 2954 creatures vanquished

Notes
Turn   | Place    | Note
-------+----------+-------------------------------------------
     0 | D:1      | kuniqs the Vine Stalker Fighter began the quest for the Orb.
     0 | D:1      | Reached XP level 1. HP: 11/11 MP: 2/2
   176 | D:1      | Reached XP level 2. HP: 16/16 MP: 3/3
  1000 | D:2      | Found a shattered altar of Ashenzari.
  1114 | D:2      | Reached XP level 3. HP: 19/19 MP: 4/4
  1192 | D:2      | Reached skill level 1 in Dodging
  1526 | D:2      | Gained mutation: Your natural rate of healing is unusually fast. [Vine Stalker growth]
  1526 | D:2      | Reached XP level 4. HP: 20/23 MP: 5/5
  1532 | D:2      | Found an iron altar of Okawaru.
  2098 | D:3      | Found a hazy altar of Hepliaklqana.
  2219 | D:3      | Found a white marble altar of Elyvilon.
  2387 | D:3      | Noticed Wanze's ghost (weakling DrHu)
  2450 | D:2      | Reached XP level 5. HP: 22/28 MP: 6/6
  2581 | D:3      | Killed Wanze's ghost
  2655 | D:3      | Found an opulent altar of Gozag.
  2658 | D:3      | Found a shadowy altar of Dithmenos.
  2661 | D:3      | Found a sparkling altar of Nemelex Xobeh.
  2901 | D:3      | Reached XP level 6. HP: 32/32 MP: 7/7
  2951 | D:3      | Found a glowing golden altar of the Shining One.
  3055 | D:3      | Found a basalt altar of Yredelemnul.
  3057 | D:3      | Noticed a profane servitor
  3256 | D:4      | Noticed Menkaure
  3265 | D:4      | Noticed Eustachio
  3269 | D:4      | Killed Menkaure
  3278 | D:4      | Killed Eustachio
  3278 | D:4      | Reached XP level 7. HP: 37/37 MP: 8/8
  3370 | D:4      | Found Dekh's Assorted Antiques.
  3374 | D:4      | Bought a dark potion for 18 gold pieces
  3428 | D:4      | Found a burning altar of Makhleb.
  3647 | D:4      | Reached skill level 5 in Shields
  3820 | D:5      | Entered Level 5 of the Dungeon
  3820 | D:5      | Found Edyi's Antique Armour Emporium.
  4007 | D:5      | Found a blossoming altar of Fedhas.
  4011 | D:5      | Found a stormy altar of Qazlal.
  4113 | D:5      | Found a sacrificial altar of Ru.
  4201 | D:5      | Gained mutation: You have razor-sharp teeth. [Vine Stalker growth]
  4201 | D:5      | Reached XP level 8. HP: 42/42 MP: 9/9
  4419 | D:6      | Found a staircase to the Ecumenical Temple.
  4432 | D:6      | Gained mutation: You are resistant to hostile enchantments. (MR+) [potion of mutation]
  4432 | D:6      | Gained mutation: You expend magic power (3 MP) to strengthen your wands. [potion of mutation]
  4432 | D:6      | Gained mutation: You are partially covered in large bone plates. (SH +4) [potion of mutation]
  4479 | Temple   | Entered the Ecumenical Temple
  4555 | Temple   | Became a worshipper of Uskayaw the Reveler
  4590 | D:6      | Reached * piety under Uskayaw
  4600 | D:6      | Reached ** piety under Uskayaw
  4618 | D:6      | Reached *** piety under Uskayaw
  4971 | D:6      | Reached skill level 1 in Evocations
  5062 | D:7      | Reached skill level 1 in Invocations
  5072 | D:7      | Found Vyehesim's Weapon Shoppe.
  5169 | D:5      | Bought a dazzling cloak for 218 gold pieces
  5169 | D:5      | Identified the +0 cloak of Voinline {rN+ Int-2 Dex+3} (You bought it in a shop on level 5 of the Dungeon)
  5198 | D:7      | Noticed Pikel
  5223 | D:6      | Killed Pikel
  5223 | D:6      | Reached skill level 2 in Invocations
  5223 | D:6      | Reached XP level 9. HP: 46/46 MP: 11/11
  5248 | D:7      | Got a bloodstained short sword
  5249 | D:7      | Identified the +6 short sword of the Eyes {antimagic, *Rage +Blink rF+ Stlth+} (You found it on level 7 of the Dungeon)
  5420 | D:7      | Reached skill level 5 in Fighting
  5420 | D:7      | Reached **** piety under Uskayaw
  5424 | D:7      | Reached ***** piety under Uskayaw
  5452 | D:7      | Found a glowing silver altar of Zin.
  5801 | D:8      | Reached skill level 5 in Armour
  5875 | D:8      | Got a pitted mace
  5924 | D:8      | Reached skill level 3 in Invocations
  6158 | D:8      | Reached skill level 5 in Short Blades
  6202 | D:8      | Identified the +7 mace of the Fox {flame, rPois rN+ MP+9 Str-5 Dex+3} (You found it on level 8 of the Dungeon)
  6260 | D:8      | Reached XP level 10. HP: 51/51 MP: 13/13
  6263 | D:8      | Noticed Gastronok
  6294 | D:8      | Killed Gastronok
  6294 | D:8      | Reached skill level 4 in Invocations
  6372 | D:8      | Found a staircase to the Lair.
  6372 | D:8      | Found a glowing silver altar of Zin.
  6736 | D:8      | Found a roughly hewn altar of Beogh.
  7015 | D:9      | Found a staircase to the Orcish Mines.
  7235 | D:9      | Found a flagged portal.
  7240 | Bailey   | Entered a bailey
  7338 | Bailey   | Found an iron altar of Okawaru.
  7338 | Bailey   | Noticed a kobold demonologist
  7338 | Bailey   | Noticed an orc high priest
  7355 | Bailey   | Killed a kobold demonologist
  7355 | Bailey   | Reached skill level 5 in Dodging
  7360 | Bailey   | Killed an orc high priest
  7360 | Bailey   | Reached skill level 5 in Invocations
  7360 | Bailey   | Reached XP level 11. HP: 57/57 MP: 5/15
  7709 | Bailey   | Noticed an orc knight
  7729 | Bailey   | Killed an orc knight
  8067 | D:9      | Noticed Psyche
  8183 | D:9      | Killed Psyche
  8189 | D:9      | Reached skill level 5 in Evocations
  8253 | D:9      | Noticed Grum
  8297 | D:9      | Killed Grum
  8385 | D:9      | Found a roughly hewn altar of Beogh.
  8705 | D:5      | Bought a pair of fine gloves for 218 gold pieces
  8705 | D:5      | Identified the +1 pair of gloves "Bicihyry" {rElec Int+2} (You bought it in a shop on level 5 of the Dungeon)
  9111 | D:10     | Entered Level 10 of the Dungeon
  9179 | D:10     | Killed an unseen horror
  9193 | D:10     | Noticed Joseph
  9206 | D:10     | Killed Joseph
  9206 | D:10     | Reached skill level 6 in Invocations
  9320 | D:10     | Noticed Erica
  9330 | D:10     | Killed Erica
  9919 | D:11     | Noticed a cyclops
  9929 | D:11     | Killed a cyclops
  9929 | D:11     | Gained mutation: You heal very quickly. [Vine Stalker growth]
  9929 | D:11     | Reached XP level 12. HP: 63/63 MP: 17/17
 10025 | D:11     | Noticed a two-headed ogre
 10033 | D:11     | Killed a two-headed ogre
 10745 | D:11     | Found a bloodstained altar of Trog.
 11146 | D:12     | Noticed a two-headed ogre
 11169 | D:12     | Killed a two-headed ogre
 11169 | D:12     | Reached skill level 7 in Invocations
 11254 | D:12     | Noticed a centaur warrior
 11260 | D:12     | Killed a centaur warrior
 11294 | D:12     | Noticed a two-headed ogre
 11299 | D:12     | Killed a two-headed ogre
 11443 | D:12     | Found a labyrinth entrance.
 11458 | Lab      | Entered a labyrinth
 11756 | Lab      | Noticed a minotaur
 11761 | Lab      | Killed a minotaur
 11763 | Lab      | Got a sparkling glass ring
 11775 | D:12     | Identified the ring "Paolow" {Str+5 Stlth-} (You took it off a minotaur in a labyrinth)
 11859 | D:12     | Reached XP level 13. HP: 68/68 MP: 19/19
 12417 | Lair:1   | Entered Level 1 of the Lair of Beasts
 12623 | Lair:1   | Noticed nikopol's ghost (novice MiBe)
 12772 | Lair:1   | Killed nikopol's ghost
 12863 | Lair:1   | Reached skill level 8 in Invocations
 13502 | Lair:2   | Found a staircase to the Shoals.
 14565 | Lair:3   | Reached ****** piety under Uskayaw
 14708 | Lair:3   | Reached XP level 14. HP: 74/74 MP: 21/21
 14904 | Lair:3   | Found a hole to the Spider Nest.
 15266 | Lair:4   | Reached skill level 9 in Invocations
 15990 | Lair:4   | Reached skill level 10 in Shields
 16129 | Lair:5   | Noticed Snorg
 16148 | Lair:5   | Killed Snorg
 16855 | Lair:6   | Entered Level 6 of the Lair of Beasts
 17375 | Lair:6   | Reached XP level 15. HP: 79/79 MP: 23/23
 17709 | Lair:6   | Reached skill level 10 in Invocations
 17790 | Lair:6   | Paralysed by a hornet for 1 turns
 18061 | Lair:6   | Found a staircase to the Slime Pits.
 18061 | Lair:6   | Found a viscous altar of Jiyva.
 18613 | Orc:1    | Entered Level 1 of the Orcish Mines
 19284 | Orc:2    | Entered Level 2 of the Orcish Mines
 19307 | Orc:2    | Found a staircase to the Elven Halls.
 19442 | Orc:2    | Found a roughly hewn altar of Beogh.
 19468 | Orc:2    | Found Visud's Weapon Boutique.
 19611 | Orc:2    | Reached skill level 10 in Short Blades
 19719 | Orc:2    | Found Soorgh's Weapon Shoppe.
 19719 | Orc:2    | Found Qomau's Armour Shop.
 19720 | Orc:2    | Found Ybaluil's Magic Scroll Shop.
 19720 | Orc:2    | Found Nebiunax's Gadget Emporium.
 19741 | Orc:2    | Reached skill level 10 in Fighting
 20490 | D:13     | Found a gate to the Vaults.
 20497 | D:13     | Reached XP level 16. HP: 85/85 MP: 24/24
 21357 | D:14     | Found Bizaw's Gadget Emporium.
 21706 | D:15     | Entered Level 15 of the Dungeon
 22026 | D:15     | Found a staircase to the Depths.
 22641 | D:4      | Bought the +27 Lear's hauberk for 2602 gold pieces
 22808 | Spider:1 | Entered Level 1 of the Spider Nest
 22830 | Spider:1 | Reached skill level 10 in Armour
 22838 | Spider:1 | Reached skill level 11 in Invocations
 22980 | Spider:1 | Noticed Louise
 22992 | Spider:1 | Killed Louise
 23306 | Spider:1 | Reached skill level 10 in Evocations
 23552 | Spider:2 | Reached skill level 1 in Stealth
 23635 | Spider:2 | Reached XP level 17. HP: 91/91 MP: 23/26
 23691 | Spider:2 | Reached skill level 10 in Dodging
 24598 | Spider:3 | Reached skill level 1 in Polearms
 24910 | Spider:4 | Entered Level 4 of the Spider Nest
 25191 | Spider:4 | Noticed Mara
 25215 | Spider:4 | Killed Mara
 25333 | Spider:4 | Reached skill level 5 in Polearms
 25833 | Spider:4 | Reached XP level 18. HP: 86/96 MP: 12/27
 26132 | Shoals:1 | Entered Level 1 of the Shoals
 26292 | Shoals:1 | Got a scintillating copper ring
 26293 | Shoals:1 | Identified the ring "Tuly" {rElec rC+ MR- Slay+4 Stlth-} (You found it on level 1 of the Shoals)
 26867 | Shoals:2 | Found Zecin's Jewellery Boutique.
 27574 | Shoals:3 | Noticed Polyphemus
 27601 | Shoals:3 | Killed Polyphemus
 27728 | Shoals:3 | Reached skill level 10 in Polearms
 28056 | Shoals:4 | Entered Level 4 of the Shoals
 28132 | Shoals:4 | Reached skill level 5 in Stealth
 28403 | Shoals:4 | Got a barnacled rune of Zot
 28577 | Shoals:4 | Reached skill level 12 in Invocations
 28636 | Shoals:4 | Noticed Ilsuiw
 28666 | Shoals:4 | Killed Ilsuiw
 28850 | Shoals:4 | Noticed Gorglomux's ghost (journeyman FeEn)
 29028 | Shoals:4 | Killed Gorglomux's ghost
 29028 | Shoals:4 | Reached XP level 19. HP: 100/100 MP: 29/29
 29729 | Spider:4 | Got a gossamer rune of Zot
 30119 | Vaults:1 | Entered Level 1 of the Vaults
 30499 | Vaults:1 | Found a portal to a secret trove of treasure.
 30524 | Vaults:1 | You paid a toll of 13 scrolls of teleportation to enter a treasure trove
 30525 | Trove    | Entered a treasure trove
 30538 | Trove    | Got a shimmering wooden ring
 30539 | Trove    | Identified the ring of Uptiluko {EV+3 Int+4 SInv} (You found it in a treasure trove)
 30547 | Trove    | Got an ichor-stained helmet
 30548 | Trove    | Identified the -4 helmet of Evolution {rElec Int+4} (You found it in a treasure trove)
 30586 | Vaults:1 | Identified the +6 chain mail of the Leaf {rF+ rC- MR+ rCorr Dex+2} (You acquired it on level 1 of the Vaults)
 31892 | Vaults:2 | Reached XP level 20. HP: 107/107 MP: 30/30
 32062 | Vaults:2 | Reached skill level 13 in Invocations
 32539 | Vaults:2 | Got a sparkling ruby amulet
 32540 | Vaults:2 | Identified the amulet of Tampusch {RegenMP rC+ rN+ Int+7 Dex-2} (You found it on level 2 of the Vaults)
 32729 | Vaults:3 | Paralysed by a great orb of eyes for 3 turns
 32993 | Vaults:3 | Found Atijipn's Antique Armour Boutique.
 33065 | Vaults:3 | Found Tirof's Food Emporium.
 33217 | Vaults:3 | Found a staircase to the Crypt.
 33217 | Vaults:3 | Found a basalt altar of Yredelemnul.
 33218 | Vaults:3 | Found an ancient bone altar of Kikubaaqudgha.
 33282 | Vaults:3 | Reached skill level 10 in Stealth
 33440 | Vaults:3 | Found Yshroopi's Armour Boutique.
 33686 | Vaults:3 | Found Azymn's Antique Armour Shop.
 33705 | Vaults:3 | Bought a pair of warped gloves for 361 gold pieces
 33705 | Vaults:3 | Identified the +2 pair of gloves of the Loofah {rElec rPois Str+3 Int-4} (You bought it in a shop on level 3 of the Vaults)
 33973 | Vaults:4 | Reached XP level 21. HP: 112/112 MP: 32/32
 34233 | Vaults:4 | Noticed Bai Suzhen
 34252 | Vaults:4 | Killed Bai Suzhen
 35262 | Vaults:5 | Entered Level 5 of the Vaults
 35262 | Vaults:5 | Noticed Jorgrun
 35299 | Vaults:5 | Reached skill level 14 in Invocations
 35419 | Vaults:5 | Reached XP level 22. HP: 119/119 MP: 33/33
 35432 | Vaults:5 | Killed Jorgrun
 35824 | Vaults:5 | Found Elut's Gadget Shoppe.
 35824 | Vaults:5 | Noticed an ancient lich
 35837 | Vaults:5 | Killed an ancient lich
 35916 | Vaults:5 | Found Giogot's Distillery.
 35920 | Vaults:5 | Bought a potion of haste for 100 gold pieces
 35920 | Vaults:5 | Bought 2 potions of might for 80 gold pieces
 35921 | Vaults:5 | Found Utwamak's Magic Scroll Shoppe.
 35925 | Vaults:5 | Bought a scroll of magic mapping for 45 gold pieces
 35925 | Vaults:5 | Bought 2 scrolls of recharging for 247 gold pieces
 35925 | Vaults:5 | Bought a scroll of blinking for 97 gold pieces
 35925 | Vaults:5 | Bought a scroll of fog for 26 gold pieces
 35925 | Vaults:5 | Bought a scroll of teleportation for 39 gold pieces
 36007 | Vaults:5 | Found Pafuu's Antique Armour Shoppe.
 36074 | Vaults:5 | Noticed a golden dragon
 36080 | Vaults:5 | Killed a golden dragon
 36114 | Vaults:5 | Noticed a golden dragon
 36126 | Vaults:5 | Killed a golden dragon
 36137 | Vaults:5 | Got a silver rune of Zot
 36155 | Vaults:5 | Found Saerop's Magic Scroll Shop.
 36161 | Vaults:5 | Found Kaih Fep's Distillery.
 36162 | Vaults:5 | Bought a scroll of teleportation for 54 gold pieces
 36162 | Vaults:5 | Bought a scroll of teleportation for 54 gold pieces
 36162 | Vaults:5 | Bought a scroll of blinking for 135 gold pieces
 36162 | Vaults:5 | Bought a scroll of identify for 36 gold pieces
 36162 | Vaults:5 | Bought a scroll of identify for 36 gold pieces
 36169 | Vaults:5 | Bought a potion of haste for 130 gold pieces
 36169 | Vaults:5 | Bought a potion of mutation for 104 gold pieces
 36169 | Vaults:5 | Bought a potion of mutation for 104 gold pieces
 36179 | Vaults:5 | Reached XP level 23. HP: 105/124 MP: 35/35
 36209 | Vaults:5 | Found Ofeor's Food Shop.
 36523 | Vaults:5 | Found Isatz's Antique Weapon Shoppe.
 36529 | Vaults:5 | Bought a slimy rapier for 369 gold pieces
 36529 | Vaults:5 | Identified the +4 rapier "Widowmaker" {pierce, rElec} (You bought it in a shop on level 5 of the Vaults)
 37332 | Vaults:3 | Bought a pair of embroidered boots for 285 gold pieces
 37342 | Vaults:3 | Identified a +2 pair of boots of running (You bought it in a shop on level 3 of the Vaults)
 37678 | Orc:2    | Bought a scroll of recharging for 104 gold pieces
 37678 | Orc:2    | Bought a scroll of blinking for 82 gold pieces
 37678 | Orc:2    | Bought a scroll of recharging for 104 gold pieces
 37678 | Orc:2    | Bought a scroll of recharging for 104 gold pieces
 37678 | Orc:2    | Bought a scroll of teleportation for 33 gold pieces
 37678 | Orc:2    | Bought a scroll of identify for 22 gold pieces
 37678 | Orc:2    | Bought a scroll of identify for 22 gold pieces
 37707 | Elf:1    | Entered Level 1 of the Elven Halls
 37722 | Elf:1    | Reached skill level 15 in Invocations
 38026 | Elf:1    | Reached skill level 15 in Shields
 39271 | Elf:2    | Found a runed gate.
 39271 | Elf:2    | Found a runed gate.
 39272 | Elf:2    | Found a runed gate.
 39633 | Elf:3    | Entered Level 3 of the Elven Halls
 40123 | Elf:3    | Reached XP level 24. HP: 130/130 MP: 24/35
 40372 | Elf:3    | Reached skill level 15 in Fighting
 40494 | Elf:3    | Identified Qapogeth's Disquisition on Freezing Beguiling
 40498 | Elf:3    | Identified Cuxulyul's Papyrus of Excruciating Fire
 40512 | Elf:3    | Identified the +2 pair of gloves "Pupuv" {Str+7} (You found it on level 3 of the Elven Halls)
 40536 | Elf:3    | Identified Zilecv Keat's Incunabulum of the Rocks and Confrontation
 40638 | Elf:3    | Found a deep blue altar of Sif Muna.
 41165 | Slime:1  | Entered Level 1 of the Pits of Slime
 41213 | Slime:1  | Reached skill level 16 in Invocations
 41401 | Slime:5  | Entered Level 5 of the Pits of Slime
 41475 | Slime:5  | Paralysed by a floating eye for 4 turns
 41510 | Slime:5  | Found a viscous altar of Jiyva.
 41511 | Slime:5  | Noticed the Royal Jelly
 41548 | Slime:5  | Killed the Royal Jelly
 41637 | Slime:5  | Got a slimy rune of Zot
 42249 | Crypt:1  | Entered Level 1 of the Crypt
 42690 | Crypt:1  | Noticed Jory
 42706 | Crypt:1  | Killed Jory
 43050 | Crypt:2  | Reached XP level 25. HP: 129/136 MP: 36/36
 43518 | Crypt:3  | Entered Level 3 of the Crypt
 44115 | Crypt:3  | Found a staircase to the Tomb.
 44507 | Crypt:3  | Found an ancient bone altar of Kikubaaqudgha.
 44547 | Crypt:3  | Noticed an ancient lich
 44554 | Crypt:3  | Killed an ancient lich
 44674 | Crypt:3  | Noticed an ancient lich
 44679 | Crypt:3  | Killed an ancient lich
 44679 | Crypt:3  | Reached skill level 17 in Invocations
 45024 | Tomb:1   | Entered Level 1 of the Tomb of the Ancients
 45143 | Tomb:1   | Reached skill level 15 in Armour
 45190 | Tomb:1   | Noticed a greater mummy
 45203 | Tomb:1   | Killed a greater mummy
 45206 | Tomb:1   | Reached skill level 15 in Dodging
 45470 | Tomb:2   | Noticed a greater mummy
 45484 | Tomb:2   | Killed a greater mummy
 45484 | Tomb:2   | Reached XP level 26. HP: 80/143 MP: 31/36
 45521 | Tomb:2   | Noticed a greater mummy
 45524 | Tomb:2   | Noticed an ancient lich
 45530 | Tomb:2   | Noticed a greater mummy
 45530 | Tomb:2   | Killed a greater mummy
 45543 | Tomb:2   | Killed an ancient lich
 45557 | Tomb:2   | Killed a greater mummy
 45965 | Tomb:3   | Entered Level 3 of the Tomb of the Ancients
 45997 | Tomb:3   | Noticed a greater mummy
 46011 | Tomb:3   | Killed a greater mummy
 46022 | Tomb:3   | Noticed a greater mummy
 46054 | Tomb:3   | Killed a greater mummy
 46194 | Tomb:3   | Noticed a greater mummy
 46196 | Tomb:3   | Noticed a greater mummy
 46206 | Tomb:3   | Killed a greater mummy
 46209 | Tomb:3   | Killed a greater mummy
 46212 | Tomb:3   | Noticed a greater mummy
 46219 | Tomb:3   | Noticed an ancient lich
 46229 | Tomb:3   | Noticed an ancient lich
 46229 | Tomb:3   | Killed an ancient lich
 46240 | Tomb:2   | Killed an ancient lich
 46298 | Tomb:3   | Reached skill level 18 in Invocations
 46302 | Tomb:3   | Noticed a greater mummy
 46315 | Tomb:3   | Killed a greater mummy
 46319 | Tomb:3   | Killed a greater mummy
 46395 | Tomb:3   | Identified the amulet of the Endless Expanse {Spirit rElec rC+ Str-3} (You found it on level 3 of the Tomb of the Ancients)
 46474 | Tomb:3   | Got a slimy wooden ring
 46475 | Tomb:3   | Identified the ring of Neif {+Fly rElec MR+ SInv Stlth+} (You found it on level 3 of the Tomb of the Ancients)
 46574 | Tomb:3   | Got a golden rune of Zot
 47195 | Depths:1 | Entered Level 1 of the Depths
 47325 | Depths:1 | Found a gateway to Hell.
 47377 | Depths:1 | Noticed Aizul
 47388 | Depths:1 | Killed Aizul
 47423 | Depths:1 | Reached XP level 27. HP: 149/149 MP: 37/37
 47502 | Depths:1 | Found Kematrie's Demolitions Depot.
 47528 | Depths:1 | Bought a manual of Evocations for 2318 gold pieces
 47764 | Depths:1 | Found a one-way gate to the infinite horrors of the Abyss.
 48796 | Depths:2 | Noticed an ancient lich
 48806 | Depths:2 | Killed an ancient lich
 48824 | Depths:2 | Identified the Almanac of Poisonous Enchantment
 49197 | Depths:3 | Found a one-way gate leading to the halls of Pandemonium.
 49586 | Depths:4 | Noticed Xtahua
 49595 | Depths:4 | Killed Xtahua
 49595 | Depths:4 | Reached skill level 19 in Invocations
 49831 | Depths:4 | Found a corrupted altar of Lugonu.
 49839 | Depths:4 | Found Fabaiqut's Gadget Shop.
 49840 | Depths:4 | Found Higoberu's Book Shop.
 49840 | Depths:4 | Found Xunoesk's Assorted Antiques.
 49845 | Depths:4 | Found Vyps's General Store.
 49851 | Depths:4 | Bought the +9 scales of the Dragon King {rPois rF+ rC+ MR+} for 2496 gold pieces
 49881 | Depths:4 | Found a gateway to a ziggurat.
 49957 | Zig:1    | Entered Level 1 of a ziggurat
 49986 | Zig:2    | Entered Level 2 of a ziggurat
 50112 | Zig:3    | Entered Level 3 of a ziggurat
 50142 | Zig:4    | Entered Level 4 of a ziggurat
 50172 | Zig:4    | Got a steaming emerald amulet
 50174 | Zig:4    | Identified the amulet of the Unkillable {rC+ Regen+ Dex+4} (You found it on level 4 of a ziggurat)
 50183 | Zig:5    | Entered Level 5 of a ziggurat
 50223 | Zig:5    | Identified the Collected Works on Blistering Sinister Secrets
 50226 | Zig:6    | Entered Level 6 of a ziggurat
 50261 | Zig:6    | Got a warped platinum amulet
 50264 | Zig:6    | Identified the amulet of the Death Scarab {Spirit rPois rC+++ MP+9 Dex-5} (You found it on level 6 of a ziggurat)
 50267 | Zig:7    | Entered Level 7 of a ziggurat
 50290 | Zig:7    | Noticed Hepix the pandemonium lord
 50296 | Zig:7    | Killed Hepix the pandemonium lord
 50296 | Zig:7    | Gained mutation: Scrolls take you a little longer to read. [a cacodemon]
 50302 | Zig:7    | HP: 2/151 [green death/poison arrow (14)]
 50333 | Depths:4 | Lost mutation: Scrolls take you a little longer to read. [potion of mutation]
 50333 | Depths:4 | Lost mutation: You expend magic power (3 MP) to strengthen your wands. [potion of mutation]
 50333 | Depths:4 | Lost mutation: You are resistant to hostile enchantments. (MR+) [potion of mutation]
 50333 | Depths:4 | Lost mutation: You are partially covered in large bone plates. (SH +4) [potion of mutation]
 50333 | Depths:4 | Gained mutation: Your system is resistant to poisons. (rPois) [potion of mutation]
 50333 | Depths:4 | Gained mutation: Your muscles are strong. (Str +2) [potion of mutation]
 50653 | Depths:4 | Noticed Frederick
 50673 | Depths:4 | Killed Frederick
 50742 | Depths:4 | Paralysed by a sphinx for 4 turns
 51301 | Depths:5 | Entered Level 5 of the Depths
 52061 | Depths:5 | Found a gate to the Realm of Zot.
 52227 | Pan      | Entered Pandemonium
 52372 | Pan      | Found an exit through the horrors of the Abyss.
 52383 | Pan      | Noticed Kolanu Ebed the pandemonium lord
 52396 | Pan      | Killed Kolanu Ebed the pandemonium lord
 52610 | Pan      | Found an exit through the horrors of the Abyss.
 52694 | Pan      | Found an exit through the horrors of the Abyss.
 53423 | Pan      | Reached skill level 15 in Evocations
 53695 | Pan      | Reached skill level 1 in Long Blades
 53711 | Pan      | Found a glowing silver altar of Zin.
 53770 | Pan      | Identified the +1 large shield "Tidoucu" {rPois rF+ rC+} (You took it off a daeva in Pandemonium)
 53928 | Pan      | Reached skill level 20 in Invocations
 54047 | Pan      | Noticed a seraph
 54049 | Pan      | Killed a seraph
 54049 | Pan      | Found a glowing golden altar of the Shining One.
 54090 | Pan      | Got a demonic rune of Zot
 54342 | Pan      | Noticed Gopif the pandemonium lord
 54344 | Pan      | Reached skill level 5 in Long Blades
 54344 | Pan      | HP: 6/153 [Gopif the pandemonium lord/orb of electricity (10)]
 54582 | Pan      | Found an exit through the horrors of the Abyss.
 54660 | Pan      | Noticed Tugaarann the pandemonium lord
 54676 | Pan      | Killed from afar by a smoke demon

Vault maps used:
D:1:      dpeg_arrival_water_temple_mockup, minivault_11
D:2:      okawaru_ov_weapons_minmay, ashenzari_conservatory_becter
D:3:      grunt_temple_overflow_holy_war, elyvilon_altar_1,
          grunt_temple_overflow_diamond, lemuel_crystal_altar
D:4:      serial_shops, nicolae_shop_crystal, first_bread, bloody_makhleb,
          uniq_eustachio, uniq_menkaure
D:5:      cheibrodos_quashed, grunt_temple_overflow_forces_of_nature,
          nicolae_ru_awakened_eye, serial_shops, nicolae_shop_crystal
D:6:      temple_pool_b
D:7:      serial_shops, shop, basic_altar, uniq_pikel
D:8:      overflow_temple_1_default, lair_entry_dummy, special_room,
          uniq_gastronok
D:9:      hiddenorc2_lemuel, enter_bailey_3, special_room, uniq_psyche,
          uniq_grum
D:10:     uniq_erica, uniq_joseph
D:11:     david_nohive_1, trog_wizard
D:12:     lab_entry_generic, centaur_isle
D:13:     david_vaults_1
D:14:     serial_shops, shop, nicolae_benzene_ring
D:15:     grunt_enter_depths_giant_problem, bh_walls_and_bars
Temple:   nicolae_temple_figure_zero
Lair:1:   grunt_forest_large_clearing_hut
Lair:2:   minmay_shoals_entry_beasts, lemuel_fruit_fields
Lair:3:   nicolae_spider_entry_orb_guardian, portal_ice_cave_demonic_guard,
          grunt_forest_large_clearings
Lair:5:   serial_bayou_lagoon_b, uniq_snorg
Lair:6:   minmay_lair_end_enchanted_forest, slime_altar_1, special_room,
          grunt_megastairs_2
Shoals:1: nicolae_shoals_stone_sculpture_thing
Shoals:2: serial_shops, shop_statue
Shoals:3: uniq_polyphemus
Shoals:4: shoals_end_simple, shoal_ilsuiw, uniq_ilsuiw
Spider:1: uniq_louise
Spider:2: spider_trap
Spider:3: cheibrodos_forgotten_conduit
Spider:4: spider_rune_water, spiders_nest_the_unseen, uniq_mara
Slime:3:  cheibrodos_slime_lost_civilization_1, basic_altar, uniq_dissolution
Slime:4:  nicolae_slime_welcoming_committee
Orc:1:    mines4_lemuel
Orc:2:    st_orc_ogre_mass, serial_shops, shop, basic_altar
Elf:1:    eino_elf_arrival_customs, evilmike_minifort, grunt_ministairs_3
Elf:2:    elves_outpost_lemuel
Elf:3:    minmay_elf_hall_not_hex, basic_altar
Vaults:1: st_star, dpeg_vaults_monster_box, grunt_vaults_funnel, v_misc_26,
          vaults_dpeg_cross, hangedman_vaults_capsules,
          nicolae_trove_entry_path_of_doom
Vaults:2: hangedman_vaults_corner, nicolae_vaults_little_squares_6,
          nicolae_vaults_bisected_exclaves, ontoclasm_vaults_ring_small,
          nicolae_vaults_three_branches, ontoclasm_vaults_idyll,
          hangedman_vaults_hat, v_misc_29, vaults_room_hallway, v_misc_15,
          vaults_room_stairs_pillars, vaults_room_pools, v_pattern_3
Vaults:3: vaults_mumra_chevron, hangedman_vaults_stream,
          nicolae_vaults_triangles, minmay_crypt_entry_necro_gods,
          vaults_dpeg_diagonal, v_misc_24, nicolae_vaults_border_crossing,
          nicolae_vaults_little_squares_1, ontoclasm_vaults_shuriken,
          grunt_vaults_hallway_short, v_misc_22, hangedman_vaults_snaps,
          serial_shops, shop_statue, shop, shop, shop
Vaults:4: vaults_room_ringed_pool, hangedman_vaults_nodes, v_misc_18,
          ontoclasm_vaults_spin, vaults_mumra_hexcomb, vaults_dpeg_doors,
          ontoclasm_vaults_ring_small, ontoclasm_vaults_hangar,
          vaults_dpeg_encased_lava, ontoclasm_vaults_idyll, v_misc_14,
          v_misc_30, uniq_bai_suzhen
Vaults:5: serial_shops, uniq_jorgrun
Crypt:1:  uniq_jory
Crypt:3:  quadcrypt_mu
Depths:1: serial_sigils, serial_sigils_hangedman_scar,
          serial_sigils_hangedman_etch, serial_sigils_hangedman_gnaw,
          serial_sigils_hangedman_quiver, serial_sigils_hangedman_leer,
          hell_entry, abyss_entry_small_statue_room, minmay_misc_feat_chi,
          nicolae_blasting_shop, uniq_aizul
Depths:2: cheibrodos_cascadia, hell_entry, kennysheep_random_hallway,
          minmay_staircase_statues
Depths:3: kennysheep_blocky_hall, hell_entry, minmay_misc_feat_hallway,
          rand_demon_pan_entry_1, minmay_three_doors,
          infiniplex_staircase_spiral_double
Depths:4: kennysheep_green_arena, enter_ziggurat_d, serial_bayou_pond_e,
          abyss_entry_flame_altar, hellmouth_1, minmay_stone_trees_small,
          minmay_shoptagon, uniq_frederick, uniq_xtahua
Depths:5: lemuel_castle_with_subvaults, hell_entry, rand_demon_pan_entry_8,
          hangedman_abyss_or_decor_jellyfish_corner, serial_bayou_shore_a
Pan:      lemuel_hall_of_pain, rand_demon_3, pan_blood_fountain, rand_demon_4,
          evilmike_mini_pan_branches, pan_blood_fountain_2,
          nicolae_pan_gloorx_vloqian_3, nicolae_pan_sick_transit,
          nicolae_pan_strange_glyphs, evilmike_holy_pan, lemuel_hellion_island,
          evilmike_mini_pan_T, evilmike_mini_pan_3x3, pan_blood_fountain,
          evilmike_mini_pan_possible_glass, pan_blood_fountain,
          nicolae_pan_sigil_itan
Zig:5:    ziggurat_pillar_centre_c
Zig:7:    ziggurat_pillar_centre_oklobs
Lab:      labyrinth_green, nicolae_lab_checkerboard, labyrinth_glass_1,
          nicolae_lab_flowing_pool, nicolae_lab_starburst
Trove:    trove_simple
Bailey:   bailey_axe_of_yendor_kennysheep, bailey

Skill      XL: |  1  2  3  4  5  6  7  8  9 10 11 12 13 14 15 16 17 18 19 20 21 22 23 24 25 26 27 |
---------------+----------------------------------------------------------------------------------+-----
Short Blades   | 2 3 4 5 6 7 8 9 10 11 | 11.4
Dodging        | 1 2 3 4 5 6 7 8 9 10 11 12 13 14 15 17 | 17.5
Shields        | 3 4 5 6 7 8 9 10 11 12 13 14 15 16 17 19 | 19.2
Fighting       | 3 4 5 6 7 8 9 10 11 12 13 14 15 16 17 18 | 18.8
Armour         | 3 4 5 6 7 8 9 10 11 12 13 14 15 17 | 17.6
Evocations     | 2 3 4 5 6 7 8 9 10 15 | 15.2
Invocations    | 2 3 5 6 7 8 9 10 11 12 13 14 15 16 17 18 20 | 20.2
Stealth        | 2 4 6 8 10 12 13 | 13.3
Polearms       | 7 10 11 12 13 | 13.0
Long Blades    | 5 |  5.7

Action                   |  1- 3 |  4- 6 |  7- 9 | 10-12 | 13-15 | 16-18 | 19-21 | 22-24 | 25-27 || total
-------------------------+-------+-------+-------+-------+-------+-------+-------+-------+-------++-------
Melee: Rapier            |    69 |    52 |       |       |       |       |       |       |       ||   121
       Bite              |    19 |    42 |   123 |   325 |   712 |   858 |   608 |   490 |  1119 ||  4296
       Whip              |       |   102 |   300 |       |       |       |       |       |       ||   402
       Dagger            |       |       |    28 |    33 |       |       |       |       |       ||    61
       Mace              |       |       |     7 |   107 |       |       |       |       |       ||   114
       Short sword       |       |       |       |   607 |  1557 |   871 |       |       |       ||  3035
       Demon whip        |       |       |       |   104 |       |     4 |       |       |       ||   108
       Lance             |       |       |       |       |       |  1056 |  1436 |  1210 |  2486 ||  6188
       Eudemon blade     |       |       |       |       |       |       |       |       |    87 ||    87
Invok: Line Pass         |       |       |       |     1 |     3 |     8 |     3 |     4 |    13 ||    32
       Grand Finale      |       |       |       |       |       |     4 |     3 |     2 |     5 ||    14
Evoke: Wand              |       |     2 |       |     9 |    14 |    50 |     5 |     9 |     7 ||    96
       Lightning rod     |       |       |       |       |     2 |       |     6 |     2 |     2 ||    12
  Use: Potion            |     1 |     1 |     7 |     1 |       |     4 |     1 |     1 |    15 ||    31
       Scroll            |       |     3 |     7 |     6 |    10 |    11 |    11 |    21 |    31 ||   100
 Stab: Paralysed         |       |       |     7 |    47 |   126 |   193 |   169 |    96 |   305 ||   943
       Confused          |       |       |       |     1 |     3 |       |       |       |     3 ||     7
       Petrified         |       |       |       |       |     6 |    11 |       |       |       ||    17
       Petrifying        |       |       |       |       |     1 |     1 |       |       |       ||     2
       Held in net/web   |       |       |       |       |       |     1 |       |       |       ||     1
       Distracted        |       |       |       |       |       |       |     1 |     1 |       ||     2
       Sleeping          |       |       |       |       |       |       |       |     3 |       ||     3
  Eat: Chunk             |     2 |     6 |    11 |    21 |    30 |    34 |    20 |    17 |     7 ||   148
       Fruit             |       |       |       |     1 |       |       |       |    17 |    32 ||    50
       Royal jelly       |       |       |       |     1 |       |     1 |     2 |     1 |     1 ||     6
       Bread ration      |       |       |       |       |       |       |       |       |     1 ||     1
       Meat ration       |       |       |       |       |       |       |       |       |     1 ||     1
Armor: Scale mail        |    27 |    31 |       |       |       |       |       |       |       ||    58
       Chain mail        |       |    23 |    86 |       |       |   594 |   162 |    50 |       ||   915
       Pearl dragon scal |       |       |    32 |   236 |   251 |    41 |       |       |       ||   560
       Gold dragon scale |       |       |       |       |       |       |       |    68 |   334 ||   402
Dodge: Dodged            |    20 |    46 |    90 |   224 |   351 |   512 |   219 |   135 |   387 ||  1984
       Deflected         |       |       |       |       |       |       |       |       |    28 ||    28
Block: Shield            |    19 |    91 |   214 |   638 |  1310 |  1777 |   721 |   294 |       ||  5064
       Reflection        |       |       |       |    43 |    10 |    63 |   130 |    79 |   125 ||   450
       Large shield      |       |       |       |       |       |     8 |       |   265 |  1553 ||  1826
       Rpst.: Eudemon blade |       |       |       |       |       |       |       |       |     8 ||     8
